 Dungeon Crawl Stone Soup version 0.26.1-11-gd32895ea62 (webtiles) character file.

Game seed: 4420781156028345295

12281 Zeld the Severer (level 11, -3/75 (88) HPs)
             Began as a Deep Dwarf Fighter on June 1, 2021.
             Was a Priest of Makhleb.
             Hit by a javelin thrown by a minotaur (10 damage)
             ... in a Gauntlet.
             The game lasted 00:17:05 (10468 turns).

Zeld the Severer (Deep Dwarf Fighter)              Turns: 10468, Time: 00:17:06

HP:   -3/75 (88)    AC: 12    Str: 24    XL:     11   Next: 60%
MP:   1/1           EV:  6    Int:  8    God:    Makhleb [***...]
Gold: 188           SH: 13    Dex: 12    Spells: 10/10 levels left

rFire    . . .     SeeInvis +   a - +0 war axe
rCold    . . .     Faith    .   c - +0 kite shield
rNeg     . . .     Spirit   .   w - +0 plate armour
rPois    .         Reflect  .   (no helmet)
rElec    .         Harm     .   (no cloak)
rCorr    +         Rampage  .   r - +0 pair of gloves
Will     +....     NoTele   +   (no boots)
Stlth    ..........             (no amulet)
HPRegen  0.00/turn              F - ring of see invisible
MPRegen  0.07/turn              m - ring of resist corrosion

@: mighty, non-regenerating, heavily drained
A: damage resistance, heal wounds, sense surroundings 2, no regeneration
a: Heal Wounds, Renounce Religion, Minor Destruction, Lesser Servant of Makhleb


You were in a Gauntlet.
You worshipped Makhleb.
Makhleb was most pleased with you.
You visited 2 branches of the dungeon, and saw 12 of its levels.
You also visited: Gauntlet.

You collected 650 gold pieces.
You spent 462 gold pieces at shops.

Inventory:

Hand Weapons
 a - a +0 war axe (weapon)
Missiles
 e - a throwing net
 k - 48 poisoned darts (quivered)
 v - 13 boomerangs
 C - 2 boomerangs of dispersal
 G - 6 javelins
Armour
 c - a +0 kite shield (worn)
 r - a +0 pair of gloves (worn)
 w - a +0 plate armour (worn)
Jewellery
 h - an uncursed amulet of faith {unknown}
 m - a ring of resist corrosion (right hand)
 F - a ring of see invisible (left hand)
Wands
 D - a wand of iceblast (8)
 E - a wand of polymorph (9)
Scrolls
 d - a scroll of enchant armour {unknown}
 f - 2 scrolls of enchant weapon
 g - 2 scrolls of immolation {unknown}
 i - 4 scrolls of fear
 j - 9 scrolls of remove curse
 t - a scroll of teleportation
 x - 2 scrolls of blinking
 y - a scroll of fog {unknown}
 B - 3 scrolls of amnesia
Potions
 b - 3 potions of brilliance
 l - 7 potions of haste {unknown}
 n - 6 potions of flight
 o - 9 potions of curing
 p - a potion of invisibility {unknown}
 q - 2 potions of magic {unknown}
 u - 3 potions of heal wounds
 z - 2 potions of berserk rage {unknown}


   Skills:
 * Level 2.6 Fighting
 - Level 16.0 Axes
 - Level 3.2 Armour
 + Level 0.0 Dodging
 - Level 11.8 Shields
 + Level 0.0 Invocations
 * Level 0.0 Evocations


You had 10 spell levels left.
You didn't know any spells.
Your spell library contained the following spells:

 Spells                   Type           Power        Failure   Level
 Magic Dart               Conj           0%           100%        1
 Shock                    Conj/Air       0%           100%        1
 Searing Ray              Conj           0%           100%        2
 Swiftness                Air            0%           100%        2
 Dazzling Flash           Conj/Hex       0%           100%        3
 Static Discharge         Conj/Air       0%           100%        3
 Airstrike                Air            0%           100%        4
 Fulminant Prism          Conj/Hex       0%           100%        4
 Iskenderun's Mystic Bla  Conj/Tloc      0%           100%        4
 Lightning Bolt           Conj/Air       0%           100%        5


Dungeon Overview and Level Annotations

Branches:
Dungeon (11/15)            Temple (1/1) D:4            Lair (0/6) D:9
Gauntlet (1/1)
    Orc: D:9-12

Altars:
Ashenzari
Cheibriados
Dithmenos
Elyvilon
Fedhas
Gozag
Hepliaklqana
Kikubaaqudgha
Makhleb
Nemelex Xobeh
Okawaru
Qazlal
Ru
Sif Muna
Trog
Uskayaw
Vehumet
Wu Jian
Xom
Yredelemnul
Zin
The Shining One

Shops:
D:9 *!

Annotations:
D:6 1 runed translucent door, StoopidFlanders's ghost, novice GnWn Gauntlet 11 transporters, 3 runed translucent doors


Innate Abilities, Weirdness & Mutations

You are resistant to damage.
You can heal yourself by infusing magical energy.
You passively map the area around you.
You do not regenerate.


Message History

You slash the minotaur!
The minotaur is moderately wounded.
The minotaur hits you with a +5 falchion of draining!!
* * * LOW HITPOINT WARNING * * *
You feel drained.
* * * LOW HITPOINT WARNING * * *
The minotaur gores you but does no damage.
Blink to where?
Press: ? - help, Dir - move target
As you read the scroll of blinking, it crumbles to dust.
Press: ? - help, v - describe, . - travel, g - get item
Items here: // : ? [[[[ ||.
A gate leading back out of this place.
Unknown command.
You feel much better.
The minotaur throws a javelin.
The javelin pierces through you!!
* * * LOW HITPOINT WARNING * * *
You hear a splash.
The minotaur throws a javelin.
The javelin pierces through you!
You die...

..#≈≈≈# ..#...#* *#
8.#...# ,...#
⌠.#.8.##.##.#
8.#.©....##.#
..#.8.##.##.# #####
..#.©.##....#.#≈≈≈#
8.#.8.##.##.#.#.≈≈#
∩.#.©....##.H...@≈#
8.#.8.##.##(#.#.≈≈#
..#.©.##...(# #≈≈≈#
..#.8.##.##.#*#####
8.#.©....##.#
⌠.#.8.##.##.#
8.#...##....#
..#...#######
..#≈≈≈#


You could see a minotaur.

Vanquished Creatures
  A bunyip (shapeshifter) (Gauntlet)
  A great orb of eyes (shapeshifter) (Gauntlet)
  Erica (D:11)
  A two-headed ogre (D:10)
  Pikel (D:8)
  A rust devil (D:8)
  An orange demon (D:8)
  2 komodo dragons (D:9)
  2 red devils (D:8)
  A hornet (D:10)
  Prince Ribbit (D:7)
  Grinder (D:4)
  A wind drake (shapeshifter) (Gauntlet)
  7 yaks
  A basilisk (D:10)
  Menkaure (D:7)
  2 water moccasins
  2 phantoms (D:4)
  6 orc warriors
  A sky beast (D:8)
  4 ice beasts
  6 black bears
  6 ogres
  A centaur (D:5)
  2 lemures (D:8)
  3 big kobolds
  10 bullfrogs
  A gnoll sergeant (D:8)
  3 scorpions
  4 wights (D:7)
  3 howler monkeys
  A hound (D:4)
  2 jellies
  A quasit (D:5)
  4 orc priests
  Terence (D:3)
  2 gnoll shamans (D:6)
  7 iron imps (D:8)
  9 orc wizards
  3 iguanas
  13 worker ants
  A hound zombie (D:7)
  A howler monkey skeleton (D:8)
  13 adders
  21 gnolls
  A shadow imp (D:6)
  4 white imps
  3 adder zombies
  An adder skeleton (D:4)
  A worm (D:2)
  2 dart slugs
  4 leopard geckos
  35 orcs
  6 giant cockroaches
  7 goblins
  12 hobgoblins
  25 jackals
  24 kobolds
  3 quokkas
  5 ball pythons
  10 bats
  8 frilled lizards
  A jackal skeleton (D:3)
  A leopard gecko skeleton (D:8)
  A quokka skeleton (D:6)
  A quokka zombie (D:5)
  9 rats
  2 bushes (D:9)
323 creatures vanquished.

Vanquished Creatures (others)
  An orc (D:6)
  23 fungi (D:9)
  19 plants
43 creatures vanquished.

Grand Total: 366 creatures vanquished

Notes
Turn   | Place    | Note
-------+----------+-------------------------------------------
     0 | D:1      | Zeld the Deep Dwarf Fighter began the quest for the Orb.
     0 | D:1      | Reached XP level 1. HP: 20/20 MP: 1/1
    94 | D:1      | Reached skill level 3 in Axes
    95 | D:1      | Reached XP level 2. HP: 22/27 MP: 2/2
   427 | D:1      | Reached XP level 3. HP: 15/33 MP: 3/3
   453 | D:1      | Reached skill level 4 in Axes
  1027 | D:1      | Reached XP level 4. HP: 25/40 MP: 4/4
  1033 | D:1      | Reached skill level 5 in Axes
  1405 | D:2      | Reached XP level 5. HP: 27/46 MP: 5/5
  1708 | D:3      | You fall into a shaft and drop 3 floors!
  1708 | D:6      | Noticed a black bear
  1746 | D:6      | Found a runed translucent door.
  1747 | D:6      | Found a shimmering altar of Xom.
  1747 | D:6      | Noticed StoopidFlanders's ghost (novice GnWn)
  1747 | D:6      | Noticed a +2 short sword of chaos
  1778 | D:6      | Killed a black bear
  1779 | D:6      | Reached skill level 6 in Axes
  1795 | D:6      | Found a shimmering blue altar of Sif Muna.
  1862 | D:6      | Reached skill level 7 in Axes
  1862 | D:6      | Reached XP level 6. HP: 34/55 MP: 5/5
  1955 | D:5      | Entered Level 5 of the Dungeon
  2053 | D:4      | Reached skill level 8 in Axes
  2074 | D:4      | Reached XP level 7. HP: 30/61 MP: 6/6
  2092 | D:3      | Found a bloodstained altar of Trog.
  2109 | D:4      | Found a staircase to the Ecumenical Temple.
  2120 | Temple   | Entered the Ecumenical Temple
  2471 | D:3      | Noticed Terence
  2480 | D:3      | Killed Terence
  2845 | D:3      | Reached skill level 9 in Axes
  2869 | D:3      | Found a faded altar of an unknown god.
  3490 | D:4      | Noticed Grinder
  3510 | D:4      | Killed Grinder
  3511 | D:4      | Reached skill level 10 in Axes
  3511 | D:4      | Reached XP level 8. HP: 46/68 MP: 7/7
  3565 | D:4      | Found a snail-covered altar of Cheibriados.
  3805 | D:4      | Found an iron altar of Okawaru.
  3860 | D:5      | Reached skill level 11 in Axes
  3993 | D:5      | Reached skill level 12 in Axes
  4244 | D:5      | Found a shimmering blue altar of Sif Muna.
  4397 | D:5      | Found a shadowy altar of Dithmenos.
  4397 | D:5      | Found a sacrificial altar of Ru.
  4859 | D:6      | Gained mutation: You passively map the area around you.
                  | [Deep Dwarf growth]
  4859 | D:6      | Reached XP level 9. HP: 53/74 MP: 5/5
  5055 | D:6      | Found Zin's Purification Station.
  5061 | D:6      | Found a glowing silver altar of Zin.
  5077 | D:6      | Reached skill level 13 in Axes
  5095 | D:6      | Bought a potion of curing for 90 gold pieces
  5132 | D:6      | Found a shimmering altar of Xom.
  5680 | D:7      | Noticed Prince Ribbit
  5687 | D:7      | Killed Prince Ribbit
  5779 | D:7      | Noticed Menkaure
  5788 | D:7      | Killed Menkaure
  5895 | D:7      | Found a basalt altar of Yredelemnul.
  5914 | D:7      | Found a burning altar of Makhleb.
  5914 | D:7      | Noticed a balrug
  5975 | D:7      | Noticed a hellwing
  5975 | D:7      | Noticed a smoke demon
  5977 | D:7      | Became a worshipper of Makhleb the Destroyer
  6474 | D:8      | Reached skill level 14 in Axes
  6625 | D:8      | Noticed a rust devil
  6625 | D:8      | Noticed a red devil
  7112 | D:8      | Noticed a +0 hand axe
  7112 | D:8      | Noticed Pikel
  7114 | D:8      | Noticed a +0 hand axe
  7135 | D:8      | Killed Pikel
  7167 | D:8      | Reached skill level 15 in Axes
  7167 | D:8      | Reached XP level 10. HP: 55/81 MP: 5/5
  7170 | D:8      | Reached * piety under Makhleb
  7207 | D:8      | Found a hide-covered altar of Uskayaw.
  7583 | D:8      | Found a basalt altar of Yredelemnul.
  7583 | D:8      | Noticed an orange demon
  8412 | D:8      | Killed an orange demon
  8413 | D:8      | Reached skill level 16 in Axes
  8423 | D:8      | Reached ** piety under Makhleb
  8445 | D:8      | Killed a rust devil
  8506 | D:9      | Found Apnaq's Elemental Accessories.
  8512 | D:9      | Bought a wand of iceblast (8) for 132 gold pieces
  8533 | D:9      | Reached skill level 5 in Shields
  8571 | D:9      | Found a blossoming altar of Fedhas.
  8576 | D:9      | Found a stormy altar of Qazlal.
  8709 | D:9      | Found a staircase to the Lair.
  8926 | D:9      | Reached XP level 11. HP: 55/88 MP: 4/4
  8932 | D:9      | Found Luemos's Distillery.
  8947 | D:9      | Bought a potion of curing for 36 gold pieces
  8947 | D:9      | Bought a potion of flight for 36 gold pieces
  8947 | D:9      | Bought 2 potions of flight for 72 gold pieces
  8947 | D:9      | Bought a potion of heal wounds for 60 gold pieces
  8947 | D:9      | Bought a potion of curing for 36 gold pieces
  9127 | D:9      | Found an opulent altar of Gozag.
  9357 | D:10     | Entered Level 10 of the Dungeon
  9559 | D:10     | Found a sparkling altar of Nemelex Xobeh.
  9713 | D:10     | Reached *** piety under Makhleb
  9765 | D:10     | Noticed a two-headed ogre
  9787 | D:10     | Killed a two-headed ogre
  9788 | D:10     | Reached skill level 10 in Shields
  9887 | D:10     | You fall into a shaft and drop 1 floor!
  9902 | D:11     | Noticed Erica
  9921 | D:11     | Killed Erica
  9944 | D:11     | Found a gate leading to a gauntlet.
  9955 | Gauntlet | Entered a Gauntlet
  9955 | Gauntlet | Found a transporter.
  9964 | Gauntlet | Found a transporter.
  9967 | Gauntlet | Found a transporter.
  9968 | Gauntlet | Found a transporter.
  9979 | Gauntlet | Found a transporter.
  9980 | Gauntlet | Found a transporter.
  9983 | Gauntlet | Noticed a tengu warrior
  9984 | Gauntlet | Found a transporter.
  9986 | Gauntlet | Found a runed translucent gate.
  9986 | Gauntlet | Found a runed translucent gate.
  9988 | Gauntlet | Found a transporter.
  9991 | Gauntlet | Found a transporter.
  9992 | Gauntlet | Found a transporter.
  9995 | Gauntlet | Noticed a green death
 10000 | Gauntlet | Found a transporter.
 10000 | Gauntlet | Found a runed translucent gate.
 10003 | Gauntlet | Found a transporter.
 10004 | Gauntlet | Found a transporter.
 10006 | Gauntlet | Noticed a sixfirhy
 10011 | Gauntlet | Noticed a sixfirhy
 10012 | Gauntlet | Found a transporter.
 10015 | Gauntlet | Noticed a sixfirhy
 10072 | Gauntlet | Noticed a boulder beetle
 10073 | Gauntlet | Noticed a fire crab
 10075 | Gauntlet | Noticed a mana viper
 10081 | Gauntlet | a mana viper changed into an elephant
 10096 | Gauntlet | Noticed a spark wasp
 10096 | Gauntlet | a boulder beetle changed into a spark wasp
 10118 | Gauntlet | Noticed a great orb of eyes
 10118 | Gauntlet | a spark wasp changed into a great orb of eyes
 10128 | Gauntlet | Noticed a bunyip
 10128 | Gauntlet | a slime creature changed into a bunyip
 10134 | Gauntlet | Killed a great orb of eyes
 10143 | Gauntlet | Killed a bunyip
 10454 | Gauntlet | Noticed a minotaur
 10468 | Gauntlet | Hit by a javelin thrown by a minotaur

Illustrated notes

Levels and vault maps discovered:
D:1:      psy_arrival_fountain, layout_basic, minmay_tromino_v7
D:2:      layout_rooms, st_stairs_1
D:3:      layout_loops_ring, nicolae_overflow_hidden_temple,
          chequers_ecumenical_altar_twisty, uniq_terence
D:4:      layout_rooms, kennysheep_slug_shrine, marbit_many_paths,
          minmay_temple_entry_stoned_glass, uniq_grinder
D:5:      layout_basic, overflow_temple_1_default,
          gammafunk_temple_overflow_wave
D:6:      layout_basic, zin_purify, xom_teletrap_fun, ebering_ghost_xom,
          basic_altar
D:7:      layout_gridville, makhleb_altar_promises_db, basic_altar,
          uniq_menkaure, uniq_prince_ribbit1
D:8:      layout_loops_ring, dancing_weapons_uskayaw, lemuel_hellish_altar,
          uniq_pikel
D:9:      layout_roguey, grunt_temple_overflow_forces_of_nature,
          due_lair_maze_entry_diamond, serial_shops, shop_statue,
          nicolae_elemental_shop, nicolae_gozag_cash_rules_everything_around_me
D:10:     layout_roguey, orc_0_dummy, serial_shops, nicolae_shop_behind_doors,
          basic_altar, uniq_harold, uniq_psyche, uniq_snorg
D:11:     layout_irregular_city, nicolae_trove_entry_diagonal,
          gauntlet_entry_generic, uniq_urug, uniq_erica
Temple:   dpeg_chambers_temple
Gauntlet: gammafunk_gauntlet_77_escape_option
          [minmay_gauntlet_arena_77_two_paths,
          minmay_gauntlet_arena_77_two_lines,
          minmay_gauntlet_arena_77_run_for_it, minmay_gauntlet_arena_77_museum,
          minmay_gauntlet_arena_77_mirror, gauntlet_exit_watery]

Skill      XL: |  1  2  3  4  5  6  7  8  9 10 11 |
---------------+----------------------------------+-----
Axes           | 3 4 5 7 8 10 12 15 16 | 16.0
Shields        | 8 11 | 11.8
Fighting       | |  2.6
Armour         | |  3.2

Action                   |  1- 3 |  4- 6 |  7- 9 | 10-12 || total
-------------------------+-------+-------+-------+-------++-------
Melee: War axe           |   124 |   144 |   552 |   442 ||  1262
Invok: Lesser Servant of |       |       |       |     1 ||     1
 Abil: Heal Wounds       |     1 |     6 |    19 |    24 ||    50
Evoke: Wand              |       |       |       |    23 ||    23
  Use: Potion            |       |       |       |     3 ||     3
       Scroll            |       |       |       |    12 ||    12
Armor: Scale mail        |    82 |    76 |    87 |       ||   245
       Plate armour      |       |       |   156 |   164 ||   320
Dodge: Dodged            |    60 |    56 |    87 |    80 ||   283
Block: Kite shield       |    82 |    85 |   272 |   196 ||   635
